 Dungeon Crawl Stone Soup version 0.29.0-4-gdea44cf6ec (webtiles) character file.

Game seed: 14836435174455007773

28804 Armakuni the Basher (level 13, -2/103 HPs)
             Began as a Human Monk on Aug 27, 2022.
             Was a High Priest of the Shining One.
             Slain by a komodo dragon (6 damage)
             ... while petrified by a basilisk
             ... on level 5 of the Lair of Beasts.
             The game lasted 00:32:20 (15458 turns).

Armakuni the Basher (Human Monk)                   Turns: 15458, Time: 00:32:21

Health: -2/103     AC: 20    Str: 16    XL:     13   Next: 76%
Magic:  22/22      EV:  2    Int: 11    God:    the Shining One [*****.]
Gold:   1181       SH:  0    Dex: 16    Spells: 12/12 levels left

rFire   . . .      SeeInvis .   b - +0 flail (spect)
rCold   . . .      Faith    .   I - +0 buckler
rNeg    + + +      Spirit   .   K - +5 pearl dragon scales
rPois   ∞          Reflect  .   x - +0 helmet
rElec   .          Harm     .   s - scarf {shadows}
rCorr   .          Rampage  .   c - +0 pair of gloves
Will    +....                   (no boots)
Stlth   ..........              R - amulet of regeneration
HPRegen 1.07/turn               W - ring of willpower
MPRegen 0.18/turn               L - ring of flight

@: petrified, flying, glowing, studying 2 skills
A: no striking features
a: Renounce Religion, Divine Shield, Cleansing Flame, Summon Divine Warrior


You were on level 5 of the Lair of Beasts.
You worshipped the Shining One.
The Shining One was extremely pleased with you.
You visited 3 branches of the dungeon, and saw 17 of its levels.
You also visited: Bailey.

You collected 1181 gold pieces.

Inventory:

Hand Weapons
 a - a +1 morningstar of freezing
 b - a +0 spectral flail (weapon)
Missiles
 h - 2 boomerangs of dispersal
 m - 3 throwing nets
 p - 3 silver javelins
 q - 3 curare-tipped darts (quivered)
 t - 21 javelins
 A - 7 boomerangs
Armour
 c - a +0 pair of gloves (worn)
 s - a scarf of shadows (worn)
 x - a +0 helmet (worn)
 I - a +0 buckler (worn)
 K - +5 pearl dragon scales (worn)
Jewellery
 B - a ring of positive energy
 H - an amulet of reflection
 L - a ring of flight (right hand)
 R - an amulet of regeneration (around neck)
 W - a ring of willpower (left hand)
Wands
 i - a wand of charming (5)
 k - a wand of digging (12)
 l - a wand of light (1)
 M - a wand of polymorph (3)
 N - a wand of iceblast (4)
Scrolls
 e - 4 scrolls of teleportation
 f - 4 scrolls of noise
 j - a scroll of immolation
 v - a scroll of magic mapping
 y - 3 scrolls of blinking
 C - 2 scrolls of amnesia
 E - a scroll of fear
 G - 2 scrolls of enchant weapon
Potions
 d - a potion of brilliance
 g - 3 potions of cancellation
 n - 2 potions of mutation
 o - 2 potions of berserk rage {unknown}
 r - a potion of might
 u - 2 potions of flight
 w - a potion of resistance
 z - 2 potions of magic {unknown}
 D - 3 potions of curing
 F - 4 potions of heal wounds {unknown}
 J - 4 potions of lignification


   Skills:
 - Level 10.0 Fighting
 - Level 13.6(14.0) Maces & Flails
 - Level 4.8(10.1) Staves
 - Level 6.9 Armour
 - Level 5.1 Dodging
 - Level 2.0 Stealth
 - Level 10.0 Shields
 + Level 13.3 Invocations


You had 12 spell levels left.
You didn't know any spells.
Your spell library contained the following spells:

 Spells                   Type           Power      Damage    Failure   Level
 Magic Dart               Conj           0%         1d3       86%         1
 Poisonous Vapours        Pois/Air       0%         N/A       95%         2
 Searing Ray              Conj           0%         2d4       95%         2
 Conjure Flame            Conj/Fire      0%         6-21      99%         3
 Ignite Poison            Fire/Tmut/Pois 0%         N/A       99%         3
 Mephitic Cloud           Conj/Pois/Air  0%         N/A       99%         3
 Fulminant Prism          Conj/Hex       0%         3d6       100%        4
 Sticky Flame             Conj/Fire      0%         2d3       100%        4
 Freezing Cloud           Conj/Ice/Air   0%         6-21      100%        5
 Summon Forest            Summ/Tloc      0%         N/A       100%        5
 Summon Mana Viper        Hex/Summ       0%         N/A       100%        5
 Eringya's Noxious Bog    Tmut/Pois      0%         N/A       100%        6
 Summon Cactus Giant      Summ           0%         N/A       100%        6
 Fire Storm               Conj/Fire      0%         5d1       100%        9


Dungeon Overview and Level Annotations

Branches:
Dungeon (11/15)            Temple (1/1) D:4            Lair (5/5) D:11
 Shoals (0/4) Lair:2        Snake (0/4) Lair:3        Slime (0/5) Lair:4
    Orc (0/2) D:11         Bailey (visited)

Altars:
Ashenzari
Cheibriados
Dithmenos
Elyvilon
Fedhas
Gozag
Hepliaklqana
Kikubaaqudgha
Makhleb
Nemelex Xobeh
Okawaru
Qazlal
Ru
Sif Muna
Trog
Uskayaw
Vehumet
Wu Jian
Xom
Yredelemnul
Zin
The Shining One

Annotations:
D:7 2 transporters, diceflayer's ghost, novice DsFi


Message History

You block the glob of lava.
Aiming: Dig
Press: ? - help, Shift-Dir - straight line A rock wall.
This square is lit by a halo.
The rock shatters into small pieces.
A lava snake comes into view.
The wyvern bites you!
* * * LOW HITPOINT WARNING * * *
The lava snake spits lava at you. The glob of lava hits you.
* * * LOW HITPOINT WARNING * * *
The basilisk hisses menacingly.
The basilisk gazes at you.
You are slowing down.
The wyvern bites you but does no damage.
As you read the scroll of teleportation, it crumbles to dust.
You feel strangely unstable. You block the wyvern's attack.
The basilisk bites you!
* * * LOW HITPOINT WARNING * * *
The wyvern bites you!
* * * LOW HITPOINT WARNING * * *
You block the basilisk's attack.
Your limbs are stiffening.
Unknown command.
You feel better.
Your surroundings suddenly seem different.
A fire crab and 2 komodo dragons come into view.
Found a pair of gloves.
The komodo dragon hisses angrily. x2; You hear an angry hiss.
A komodo dragon comes into view.
You have turned to stone.
The fire crab bites you but does no damage.
The fire crab claws you!
* * * LOW HITPOINT WARNING * * *
You are engulfed in flames!
* * * LOW HITPOINT WARNING * * *
The fire crab completely misses you.
The fire crab claws you but does no damage.
The komodo dragon bites you!
You die...

#......#...
#......#...
##..l......
##...........
.........#...
......ll.....
......@...#
#.....t.#....
.#........ ..
........#P..
.......##....
........ ...
.#..[... ..


You could see a fire crab and 3 komodo dragons.

Vanquished Creatures
  2 hydras
  A boulder beetle (Lair:3)
  A two-headed ogre (D:11)
  Nergalle (Lair:1)
  An oklob plant (D:8)
  13 elephants
  A merfolk siren (Lair:2)
  9 black mambas
  3 cane toads
  3 rime drakes (Lair:3)
  3 komodo dragons
  A polar bear (Lair:4)
  2 trolls
  A merfolk (Lair:2)
  A burning bush (Lair:2)
  A hornet (D:8)
  Sigmund (D:3)
  A shadow (D:11)
  5 wyverns
  A basilisk (Lair:2)
  30 yaks
  2 wargs (D:11)
  Menkaure (D:5)
  An acid dragon (D:10)
  12 water moccasins
  14 orc warriors
  A black bear (Lair:2)
  3 ice beasts
  A sky beast (D:8)
  4 wolves (Lair:1)
  9 centaurs
  A phantom (D:4)
  A kobold brigand (D:8)
  9 bullfrogs
  2 scorpions
  2 necrophages (D:7)
  12 wights
  20 killer bees
  An oklob sapling (D:8)
  3 howler monkeys (D:10)
  An electric eel (Lair:2)
  3 hounds
  3 jellies
  2 orc priests (D:11)
  2 gnoll boudas
  2 iguanas
  3 orc wizards
  8 gnolls
  12 adders
  A shadow imp (D:5)
  3 white imps
  An ufetubus (D:6)
  4 worms
  5 dart slugs
  34 orcs
  8 endoplasms
  A giant cockroach (D:3)
  11 goblins
  8 hobgoblins
  5 quokkas
  5 ball pythons
  3 bats
  4 frilled lizards
  10 kobolds
  4 rats
324 creatures vanquished.

Vanquished Creatures (collateral kills)
  A two-headed ogre (D:8)
  2 orc warriors (Bailey)
  A centaur (Bailey)
  2 adders (D:8)
  An orc (Bailey)
  4 ball pythons (D:8)
11 creatures vanquished.

Vanquished Creatures (others)
  An orc warrior (Bailey)
  A bush (Lair:2)
  11 fungi
  37 plants
50 creatures vanquished.

Grand Total: 385 creatures vanquished

Notes
Turn   | Place    | Note
-------+----------+-------------------------------------------
     0 | D:1      | Armakuni the Human Monk began the quest for the Orb.
     0 | D:1      | Reached XP level 1. HP: 18/18 MP: 1/1
   307 | D:1      | Reached XP level 2. HP: 18/24 MP: 2/2
   569 | D:1      | Reached XP level 3. HP: 17/29 MP: 3/3
  1636 | D:2      | Found a faded altar of an unknown god.
  1662 | D:2      | Reached skill level 1 in Staves
  1662 | D:2      | Reached XP level 4. HP: 28/35 MP: 4/4
  2256 | D:3      | Noticed Sigmund
  2297 | D:3      | Reached XP level 5. HP: 41/41 MP: 5/5
  2304 | D:3      | Killed Sigmund
  2305 | D:3      | Reached XP level 6. HP: 47/47 MP: 6/6
  2510 | D:3      | Got Foon Xel's Monograph on the Snake and Kindling
  2712 | D:4      | Found a hazy altar of Hepliaklqana.
  2803 | D:4      | Found a staircase to the Ecumenical Temple.
  2815 | Temple   | Entered the Ecumenical Temple
  2832 | Temple   | Became a worshipper of the Shining One
  2832 | Temple   | Reached * piety under the Shining One
  2832 | Temple   | Reached ** piety under the Shining One
  2994 | D:4      | Found a blossoming altar of Fedhas.
  3089 | D:4      | Reached skill level 5 in Maces & Flails
  3168 | D:4      | Reached XP level 7. HP: 51/52 MP: 7/7
  3837 | D:5      | Entered Level 5 of the Dungeon
  3846 | D:5      | Found a glowing silver altar of Zin.
  4272 | D:5      | Identified the +1 robe "Juegeuno" {MP+9}
  4274 | D:5      | Noticed Menkaure
  4282 | D:5      | Killed Menkaure
  4283 | D:5      | Reached XP level 8. HP: 35/58 MP: 8/8
  4403 | D:5      | Found an ornate altar of the Wu Jian Council.
  4980 | D:6      | Reached skill level 1 in Invocations
  5600 | D:7      | Reached XP level 9. HP: 63/63 MP: 10/10
  5662 | D:7      | Found a transporter.
  5665 | D:7      | Found a transporter.
  5665 | D:7      | Noticed diceflayer's ghost (novice DsFi)
  5665 | D:7      | Noticed a seven-headed hydra
  5679 | D:7      | Reached skill level 10 in Maces & Flails
  5979 | D:8      | Noticed a two-headed ogre
  6072 | D:8      | Reached *** piety under the Shining One
  6220 | D:8      | Found a sparkling altar of Nemelex Xobeh.
  6220 | D:8      | Found a sacrificial altar of Ru.
  6537 | D:8      | Noticed an oklob plant
  6558 | D:8      | Noticed a hornet
  6614 | D:8      | Killed an oklob plant
  6615 | D:8      | Reached XP level 10. HP: 29/70 MP: 11/11
  6689 | D:8      | Killed a two-headed ogre
  7409 | D:9      | Reached skill level 1 in Armour
  7777 | D:9      | Reached skill level 5 in Armour
  7836 | D:9      | Reached XP level 11. HP: 75/75 MP: 12/12
  7841 | D:9      | Reached **** piety under the Shining One
  8456 | D:10     | Entered Level 10 of the Dungeon
  8897 | D:10     | Found a flagged portal.
  8909 | Bailey   | Entered a bailey
  9738 | Bailey   | Reached skill level 5 in Dodging
 10786 | D:11     | Noticed a two-headed ogre
 10796 | D:11     | Killed a two-headed ogre
 10931 | D:11     | Reached skill level 5 in Fighting
 11303 | D:11     | Reached skill level 5 in Shields
 11369 | D:11     | Found a staircase to the Orcish Mines.
 11587 | D:11     | Found a staircase to the Lair.
 11615 | Lair:1   | Entered Level 1 of the Lair of Beasts
 11637 | Lair:1   | Reached XP level 12. HP: 84/91 MP: 15/15
 12098 | Lair:1   | Reached skill level 10 in Fighting
 12277 | Lair:1   | Reached skill level 10 in Shields
 12332 | Lair:1   | Noticed Nergalle
 12348 | Lair:1   | Killed Nergalle
 12349 | Lair:1   | Reached skill level 5 in Invocations
 12677 | Lair:2   | You are sucked into a shaft and drop 1 floor!
 12680 | Lair:3   | Noticed a boulder beetle
 12701 | Lair:3   | Killed a boulder beetle
 12898 | Lair:2   | Reached ***** piety under the Shining One
 13061 | Lair:2   | Found a staircase to the Shoals.
 13111 | Lair:2   | Noticed a five-headed hydra
 13122 | Lair:2   | Killed a five-headed hydra
 13123 | Lair:2   | Reached XP level 13. HP: 54/103 MP: 19/19
 13652 | Lair:2   | Reached skill level 10 in Invocations
 13980 | Lair:3   | Found a staircase to the Snake Pit.
 14471 | Lair:3   | Noticed a five-headed hydra
 14479 | Lair:3   | Killed a five-headed hydra
 14813 | Lair:4   | Found a staircase to the Slime Pits.
 15388 | Lair:5   | Entered Level 5 of the Lair of Beasts
 15455 | Lair:5   | HP: 1/103 [wyvern (6)]
 15458 | Lair:5   | Slain by a komodo dragon

Illustrated notes

Levels and vault maps discovered:
D:1:      lightli_arrival_quake, layout_basic
D:2:      layout_loops_ring, hellmonk_ecumenical_altar_arch_garden
D:3:      layout_basic, st_stairs_6, uniq_sigmund
D:4:      layout_layer_cave, amcnicky_altar_gilded, kennysheep_mini_moat,
          minmay_temple_entry_sparse_star, chequers_serial_rivers_small_b,
          feat_on_display
D:5:      layout_gridville, mainiacjoe_overflow_six_doors_small,
          mainiacjoe_overflow_surrounded_room, uniq_menkaure
D:6:      layout_loops_cross
D:7:      layout_basic, gammafunk_ghost_arena
D:8:      layout_loops_ring, chequers_temple_overflow_statue_of_worship,
          serial_co_window_serial, co_window_of_opportunity_a,
          co_window_corner_a, co_window_paths_b, co_window_of_opportunity_a,
          co_window_paths_a, co_window_corner_b, co_window_broadway_a,
          co_window_broadway_b, co_window_of_opportunity_b,
          co_window_broadway_a, co_window_corner_b, co_window_paths_d,
          glass_columns_b, glass_columns_a, glass_columns_b,
          introduction_to_nature_1
D:9:      layout_stronghold
D:10:     layout_basic, enter_bailey_4
D:11:     layout_basic, david_lair_shrubbed, david_orc_1_choice
Temple:   eino_temple_scatter_basement
Lair:1:   layout_roguey, uniq_nergalle
Lair:2:   layout_concentric_octagons, elwin_shoals_entry_rooms, evilmike_ambush
          [evilmike_ambush_outer_basic, evilmike_ambush_inner_wall_2]
Lair:3:   layout_loops_ring, minmay_snake_entry_six_corridors
Lair:4:   layout_gridlike, slime_entry_1, nicolae_lair_grove_arrangements
Lair:5:   cheibrodos_lair_end_hotspot, layout_gridlike

Skill      XL: |  1  2  3  4  5  6  7  8  9 10 11 12 13 |
---------------+----------------------------------------+-----
Maces & Flails | 4 5 7 9 12 13 | 13.6
Staves         | 1 2 4 |  4.8
Invocations    | 2 4 9 13 | 13.3
Armour         | 5 6 |  6.9
Dodging        | 5 |  5.1
Fighting       | 7 10 | 10.0
Shields        | 6 10 | 10.0
Stealth        | |  2.0

Action                   |  1- 3 |  4- 6 |  7- 9 | 10-12 | 13-15 || total
-------------------------+-------+-------+-------+-------+-------++-------
Melee: Mace              |   103 |   108 |       |       |       ||   211
       Unarmed           |       |     6 |       |       |       ||     6
       Flail             |       |    16 |   151 |   315 |    66 ||   548
       Punch             |       |     3 |     2 |       |       ||     5
       Dire flail        |       |       |    67 |    29 |       ||    96
       Morningstar       |       |       |       |   201 |   180 ||   381
Throw: Throwing net      |       |       |     1 |       |       ||     1
       Dart              |       |       |       |     5 |       ||     5
Invok: Divine Shield     |       |       |       |     1 |       ||     1
Evoke: Wand              |       |     4 |     5 |    15 |     3 ||    27
  Use: Scroll            |       |     8 |    12 |     9 |     3 ||    32
       Potion            |       |     1 |     2 |     6 |     2 ||    11
 Stab: Sleeping          |     4 |     2 |       |       |       ||     6
Armor: Ring mail         |    42 |    47 |    55 |     8 |       ||   152
       Robe              |     1 |       |       |       |       ||     1
       Skin              |       |     1 |       |     6 |       ||     7
       Scale mail        |       |       |    13 |       |       ||    13
       Pearl dragon scal |       |       |       |   188 |   150 ||   338
Dodge: Dodged            |    62 |    79 |    99 |   235 |   103 ||   578
Block: Other             |       |       |       |    41 |       ||    41
       Buckler           |       |       |       |    70 |    64 ||   134
       Reflection        |       |       |       |     2 |       ||     2
